Pittsburgh Penguins vs Toronto Maple Leafs
Created - Friday, October 27, 2023 at 07:21
Goals
|
| Pittsburgh Penguins |
1 |
3 |
1 |
5 |
| Toronto Maple Leafs |
0 |
1 |
0 |
1 |
|
Shots
|
| Pittsburgh Penguins |
16 |
14 |
8 |
38 |
| Toronto Maple Leafs |
16 |
6 |
11 |
33 |
|
1st period
1. Pittsburgh Penguins , Sam Reinhart 21 (Anders Lee 11, Jean-Gabriel Pageau 18) at 16:50 (PP)
Penalties :
Aaron Ekblad (TOR) for Hooking (Minor) at 8:56, Sam Bennett (TOR) for Hooking (Minor) at 16:34
2nd period
2. Pittsburgh Penguins , Phillip Danault 5 (Sam Reinhart 23, Pavel Buchnevich 20) at 0:39
3. Pittsburgh Penguins , Mitchell Marner 20 (Pavel Buchnevich 21, Marc-Andre Fleury) at 3:34 (PP)
4. Pittsburgh Penguins , Mitchell Marner 21 (Leon Draisaitl 30, Erik Karlsson 16) at 9:30
5. Toronto Maple Leafs , Trevor Zegras 20 (Troy Terry 25, Aaron Ekblad 34) at 12:49
Penalties :
Mario Ferraro (TOR) for Hooking (Minor) at 3:24, Brady Tkachuk (TOR) for Hooking (Minor) at 18:07
3rd period
6. Pittsburgh Penguins , Ryan Johansen 4 (Pavel Buchnevich 22, Erik Karlsson 17) at 14:22
Penalties :
Brady Tkachuk (TOR) for Hooking (Minor) at 4:44, Cody Ceci (TOR) for Fighting (Major) at 19:12, Sam Reinhart (PIT) for Fighting (Major) at 19:12
Goalie Stats
Marc-Andre Fleury (PIT), 32 saves from 33 shots - (0.970), W, 24-17-8, 60:00 minutes
Frederik Andersen (TOR), 33 saves from 38 shots - (0.868), L, 21-11-6, 60:00 minutes
Players Stats for Pittsburgh Penguins
Player Name G A P +/- PIM S H SB GA TA FO MP PP MP PK MP
------------------------------------------------------------------------------------
Anders Lee 0 1 1 1 0 3 1 0 0 0 0/0 15:44 3:11 0:00
Brian Dumoulin 0 0 0 1 0 0 0 0 0 0 0/0 19:26 3:07 0:00
Colton Sissons 0 0 0 0 0 4 0 1 0 1 1/3 9:50 0:00 0:00
Erik Gudbranson 0 0 0 -1 0 0 0 0 0 0 0/0 16:24 0:09 0:00
Erik Karlsson 0 2 2 2 0 1 2 2 0 0 0/0 24:02 3:16 0:00
Gabriel Vilardi 0 0 0 0 0 2 1 0 0 0 0/0 9:50 0:00 0:00
J.J. Moser 0 0 0 -1 0 0 0 1 0 1 0/0 16:27 0:00 0:00
Jean-Gabriel Pageau 0 1 1 1 0 2 3 0 0 0 13/25 18:43 3:11 0:00
Jordan Eberle 0 0 0 1 0 2 2 0 0 0 0/0 12:26 0:00 0:00
Leon Draisaitl 0 1 1 1 0 2 3 0 3 1 2/4 18:54 3:12 0:00
Mattias Ekholm 0 0 0 2 0 2 2 0 0 2 0/0 23:20 2:58 0:00
Mitchell Marner 2 0 2 1 0 4 2 0 2 0 0/0 18:54 3:12 0:00
Pavel Buchnevich 0 3 3 0 0 4 0 1 0 0 0/1 19:01 3:12 0:00
Phillip Danault 1 0 1 0 0 3 4 1 1 0 9/19 15:32 0:00 0:00
Ryan Johansen 1 0 1 1 0 2 0 0 0 0 4/11 12:26 0:00 0:00
Ryan Suter 0 0 0 1 0 0 0 0 0 0 0/0 20:21 3:16 0:00
Sam Reinhart 1 1 2 0 5 4 1 0 2 0 1/1 18:23 3:11 0:00
Tom Wilson 0 0 0 0 0 3 3 0 1 0 0/0 10:16 0:00 0:00
Players Stats for Toronto Maple Leafs
Player Name G A P +/- PIM S H SB GA TA FO MP PP MP PK MP
------------------------------------------------------------------------------------
Aaron Ekblad 0 1 1 0 2 3 1 1 0 1 0/0 22:44 0:00 2:24
Andrew Mangiapane 0 0 0 0 0 0 3 0 0 0 0/0 10:17 0:00 0:00
Bowen Byram 0 0 0 -1 0 0 1 2 0 0 0/0 13:51 0:00 0:20
Brady Tkachuk 0 0 0 -1 4 6 4 1 1 1 0/0 20:53 0:00 0:12
Brandon Saad 0 0 0 -1 0 1 1 0 0 1 1/1 20:14 0:00 0:00
Cody Ceci 0 0 0 0 5 0 2 0 0 1 0/0 22:52 0:00 3:20
Kyle Okposo 0 0 0 0 0 3 4 2 0 1 0/0 12:05 0:00 1:48
Luke Schenn 0 0 0 -1 0 1 1 4 0 0 0/0 16:26 0:00 3:39
Mario Ferraro 0 0 0 -1 2 1 1 1 0 3 0/0 23:44 0:00 3:03
Nick Bjugstad 0 0 0 0 0 0 0 0 0 0 4/10 11:09 0:00 3:59
Nicolas Roy 0 0 0 0 0 2 0 1 0 1 2/5 14:35 0:00 3:59
Nino Niederreiter 0 0 0 0 0 3 1 0 1 0 0/0 7:37 0:00 0:36
Ryan Pulock 0 0 0 -1 0 0 1 0 0 0 0/0 20:30 0:00 0:00
Sam Bennett 0 0 0 -1 2 6 3 0 0 0 15/30 20:13 0:00 0:00
Scott Laughton 0 0 0 -1 0 0 1 1 0 0 12/17 17:34 0:00 1:48
Trevor Zegras 1 0 1 -1 0 1 1 0 2 0 0/1 16:10 0:00 0:24
Troy Terry 0 1 1 -1 0 5 1 0 1 0 0/0 15:46 0:00 0:00
Warren Foegele 0 0 0 0 0 1 0 0 0 0 0/0 6:51 0:00 0:00
3 Stars
1 - Mitchell Marner (PIT)
2 - Marc-Andre Fleury (PIT)
3 - Erik Karlsson (PIT)
Power Play
Pittsburgh Penguins - 2 on 5 Attempt(s) - 40.00%
Toronto Maple Leafs - 0 on 0 Attempt(s) - 0.00%
Penalty Kill
Pittsburgh Penguins - 0 on 0 Attempt(s) - 0.00%
- Score 0 goal in Penalty Kill
Toronto Maple Leafs - 3 on 5 Attempt(s) - 60.00%
- Score 0 goal in Penalty Kill
Team Stat
Pittsburgh Penguins - Hits : 24 - Faceoff Wins : 30 - Blocked Shots : 6 - Penalty Minutes : 5
Toronto Maple Leafs - Hits : 26 - Faceoff Wins : 34 - Blocked Shots : 13 - Penalty Minutes : 15
Official
Referees : Dennis LaRue and Francois StLaurent
Linesman : Michel Cormier and Scott Cherrey
Game Notes
J.J. Moser is injured at 18:35 of 3rd period (Lower Body)
Cody Ceci and Sam Reinhart fight to a draw at 19:12 of 3rd period
Finance
Level 1 -- Attendance: 6000 (100.00%) -- Ticket Income $564,000
Level 2 -- Attendance: 4991 (99.82%) -- Ticket Income $269,514
Level 3 -- Attendance: 2599 (86.63%) -- Ticket Income $85,767
Level 4 -- Attendance: 5000 (100.00%) -- Ticket Income $105,000
Luxury Box -- Attendance: 942 (94.20%) -- Ticket Income $181,806
Game was played at the Air Canada Centre.
Total Attendance: 19532 (97.66%)
Total Ticket Income: $1,206,087
Other Income: $422,130
Total Income: $1,628,217
Pittsburgh Penguins
5 vs 5 Forward
Center Left Wing Right Wing Time % Phy DF OF
1 Jean-Gabriel Pageau Leon Draisaitl Mitchell Marner 30 1 2 2
2 Phillip Danault Pavel Buchnevich Sam Reinhart 30 1 2 2
3 Ryan Johansen Anders Lee Jordan Eberle 25 1 2 2
4 Colton Sissons Gabriel Vilardi Tom Wilson 15 1 2 2
5 vs 5 Defense
Defense Defense Time % Phy DF OF
1 Erik Karlsson Mattias Ekholm 30 1 2 2
2 Ryan Suter Brian Dumoulin 30 1 2 2
3 Erik Gudbranson J.J. Moser 30 1 2 2
4 Erik Karlsson Mattias Ekholm 10 1 2 2
PowerPlay Forward
Center Left Wing Right Wing Time % Phy DF OF
1 Leon Draisaitl Pavel Buchnevich Mitchell Marner 50 0 2 3
2 Jean-Gabriel Pageau Anders Lee Sam Reinhart 50 1 2 2
PowerPlay Defense
Defense Defense Time % Phy DF OF
1 Erik Karlsson Ryan Suter 50 1 2 2
2 Mattias Ekholm Brian Dumoulin 50 1 2 2
Penalty Kill 4 Players Forward
Center Wing Time % Phy DF OF
1 Leon Draisaitl Phillip Danault 50 1 2 2
2 Jean-Gabriel Pageau Colton Sissons 50 1 2 2
Penalty Kill 4 Players Defense
Defense Defense Time % Phy DF OF
1 Mattias Ekholm Brian Dumoulin 50 1 2 2
2 Erik Gudbranson Erik Karlsson 50 1 2 2
Penalty Kill - 3 Players Forward
Forward Time % Phy DF OF
1 Leon Draisaitl 50 1 2 2
2 Mitchell Marner 50 1 2 2
Penalty Kill - 3 Players Defense
Defense Defense Time % Phy DF OF
1 Erik Gudbranson Erik Karlsson 50 1 2 2
2 Mattias Ekholm Brian Dumoulin 50 1 2 2
4 vs 4 Forward
Center Wing Time % Phy DF OF
1 Leon Draisaitl Mitchell Marner 50 1 2 2
2 Sam Reinhart Pavel Buchnevich 50 1 2 2
4 vs 4 Defense
Defense Defense Time % Phy DF OF
1 Erik Karlsson Ryan Suter 50 1 2 2
2 Mattias Ekholm Brian Dumoulin 50 1 2 2
Last Minutes Offensive
Center Left Wing Right Wing Defense Defense
Leon Draisaitl Pavel Buchnevich Mitchell Marner Erik Karlsson Mattias Ekholm
Last Minutes Defensive
Center Left Wing Right Wing Defense Defense
Leon Draisaitl Pavel Buchnevich Mitchell Marner Erik Karlsson Mattias Ekholm
Goaltenders
Starting : Marc-Andre Fleury
Backup : Akira Schmid
Extra Forwards
Normal : Tom Wilson, Gabriel Vilardi, Phillip Danault - PP : Tom Wilson, Gabriel Vilardi - PK : Phillip Danault
Extra Defensemen
Normal : Erik Gudbranson, Brian Dumoulin, Mattias Ekholm - PP : Erik Gudbranson - PK : Erik Gudbranson, Mattias Ekholm
Penalty Shots
Leon Draisaitl, Mitchell Marner, Sam Reinhart, Pavel Buchnevich, Jean-Gabriel Pageau
Toronto Maple Leafs
5 vs 5 Forward
Center Left Wing Right Wing Time % Phy DF OF
1 Sam Bennett Brady Tkachuk Brandon Saad 40 1 2 2
2 Scott Laughton Trevor Zegras Troy Terry 30 1 2 2
3 Nicolas Roy Andrew Mangiapane Kyle Okposo 20 1 2 2
4 Nick Bjugstad Warren Foegele Nino Niederreiter 10 1 2 2
5 vs 5 Defense
Defense Defense Time % Phy DF OF
1 Aaron Ekblad Cody Ceci 40 1 2 2
2 Mario Ferraro Ryan Pulock 30 1 2 2
3 Bowen Byram Luke Schenn 20 1 2 2
4 Mario Ferraro Ryan Pulock 10 1 2 2
PowerPlay Forward
Center Left Wing Right Wing Time % Phy DF OF
1 Sam Bennett Brady Tkachuk Troy Terry 60 1 2 2
2 Scott Laughton Trevor Zegras Brandon Saad 40 1 2 2
PowerPlay Defense
Defense Defense Time % Phy DF OF
1 Aaron Ekblad Bowen Byram 60 1 2 2
2 Cody Ceci Ryan Pulock 40 1 2 2
Penalty Kill 4 Players Forward
Center Wing Time % Phy DF OF
1 Nick Bjugstad Nicolas Roy 60 1 2 2
2 Scott Laughton Kyle Okposo 40 1 2 2
Penalty Kill 4 Players Defense
Defense Defense Time % Phy DF OF
1 Aaron Ekblad Cody Ceci 60 1 2 2
2 Mario Ferraro Luke Schenn 40 1 2 2
Penalty Kill - 3 Players Forward
Forward Time % Phy DF OF
1 Nick Bjugstad 60 1 2 2
2 Scott Laughton 40 1 2 2
Penalty Kill - 3 Players Defense
Defense Defense Time % Phy DF OF
1 Aaron Ekblad Cody Ceci 60 1 2 2
2 Mario Ferraro Luke Schenn 40 1 2 2
4 vs 4 Forward
Center Wing Time % Phy DF OF
1 Scott Laughton Troy Terry 60 1 2 2
2 Nicolas Roy Trevor Zegras 40 1 2 2
4 vs 4 Defense
Defense Defense Time % Phy DF OF
1 Mario Ferraro Ryan Pulock 60 1 2 2
2 Aaron Ekblad Cody Ceci 40 1 2 2
Last Minutes Offensive
Center Left Wing Right Wing Defense Defense
Sam Bennett Brady Tkachuk Troy Terry Aaron Ekblad Bowen Byram
Last Minutes Defensive
Center Left Wing Right Wing Defense Defense
Nick Bjugstad Scott Laughton Nicolas Roy Aaron Ekblad Cody Ceci
Goaltenders
Starting : Frederik Andersen
Backup : Cam Talbot
Extra Forwards
Normal : Andrew Mangiapane, Nicolas Roy, Nino Niederreiter - PP : Andrew Mangiapane, Nicolas Roy - PK : Nino Niederreiter
Extra Defensemen
Normal : Mario Ferraro, Luke Schenn, Bowen Byram - PP : Mario Ferraro - PK : Luke Schenn, Bowen Byram
Penalty Shots
Trevor Zegras, Kyle Okposo, Nick Bjugstad, Nicolas Roy, Troy Terry
% Time on Ice - Pittsburgh Penguins
Lines # - Real PCT - Wanted PCT - Time Play
Normal Forward
1 - 29% - 30% - 15:42
2 - 29% - 30% - 15:39
3 - 23% - 25% - 12:26
4 - 18% - 15% - 9:50
Normal Defense
1 - 31% - 30% - 16:29
2 - 31% - 30% - 16:52
3 - 30% - 30% - 15:54
4 - 8% - 10% - 4:22
PP Forward
1 - 50% - 50% - 3:12
2 - 50% - 50% - 3:11
PP Defense
1 - 51% - 50% - 3:16
2 - 49% - 50% - 3:07
PK Forward
1 - 0% - 50%
2 - 0% - 50%
PK Defense
1 - 0% - 50%
2 - 0% - 50%
PK3 Forward
1 - 0% - 50%
2 - 0% - 50%
PK3 Defense
1 - 0% - 50%
2 - 0% - 50%
44 Forward
1 - 0% - 50%
2 - 0% - 50%
44 Defense
1 - 0% - 50%
2 - 0% - 50%
Last Minute Offensive - 0:00
Last Minute Defensive - 0:00
Total
Forward - 60:00
Defense - 60:00
|
% Time on Ice - Toronto Maple Leafs
Lines # - Real PCT - Wanted PCT - Time Play
Normal Forward
1 - 39% - 40% - 20:43
2 - 29% - 30% - 15:46
3 - 19% - 20% - 10:17
4 - 13% - 10% - 6:51
Normal Defense
1 - 39% - 40% - 20:55
2 - 30% - 30% - 16:00
3 - 24% - 20% - 12:47
4 - 7% - 10% - 3:55
PP Forward
1 - 0% - 60%
2 - 0% - 40%
PP Defense
1 - 0% - 60%
2 - 0% - 40%
PK Forward
1 - 72% - 60% - 4:35
2 - 28% - 40% - 1:48
PK Defense
1 - 52% - 60% - 3:20
2 - 48% - 40% - 3:03
PK3 Forward
1 - 0% - 60%
2 - 0% - 40%
PK3 Defense
1 - 0% - 60%
2 - 0% - 40%
44 Forward
1 - 0% - 60%
2 - 0% - 40%
44 Defense
1 - 0% - 60%
2 - 0% - 40%
Last Minute Offensive - 0:00
Last Minute Defensive - 0:00
Total
Forward - 60:00
Defense - 60:00
|
Play-by-Play
1st period
0:01 of 1st period - Sam Bennett wins face-off versus Jean-Gabriel Pageau in neutral zone.
0:10 of 1st period - Wrist shot by Brady Tkachuk.
0:10 of 1st period - Deflect By Sam Bennett.
0:10 of 1st period - Stopped by Marc-Andre Fleury with a rebound.
0:12 of 1st period - Snap shot by Brandon Saad.
0:12 of 1st period - Shot Blocked by Erik Karlsson.
0:14 of 1st period - Slapshot by Aaron Ekblad.
0:14 of 1st period - Shot Misses the Net.
0:26 of 1st period - Troy Terry is hit by Erik Karlsson and loses puck.
1:17 of 1st period - Wrist shot by Colton Sissons.
1:17 of 1st period - Shot Misses the Net.
1:19 of 1st period - Slapshot by Colton Sissons.
1:19 of 1st period - Stopped by Frederik Andersen with a rebound.
1:35 of 1st period - Snap shot by Mitchell Marner.
1:35 of 1st period - Shot Misses the Net.
1:43 of 1st period - Wrist shot by Sam Bennett.
1:43 of 1st period - Stopped by Marc-Andre Fleury with a rebound.
1:56 of 1st period - Snap shot by Sam Reinhart.
1:56 of 1st period - Stopped by Frederik Andersen without a rebound.
1:57 of 1st period - Scott Laughton wins face-off versus Ryan Johansen in Toronto Maple Leafs zone.
2:46 of 1st period - J.J. Moser is hit by Brady Tkachuk and loses puck.
2:51 of 1st period - Wrist shot by Brady Tkachuk.
2:51 of 1st period - Shot Misses the Net.
2:53 of 1st period - Wrist shot by Sam Bennett.
2:53 of 1st period - Shot Misses the Net.
2:57 of 1st period - Snap shot by Brady Tkachuk.
2:57 of 1st period - Stopped by Marc-Andre Fleury without a rebound.
2:58 of 1st period - Jean-Gabriel Pageau wins face-off versus Nicolas Roy in Pittsburgh Penguins zone.
2:58 of 1st period - Jean-Gabriel Pageau is hit by Kyle Okposo.
3:29 of 1st period - Mattias Ekholm is hit by Brady Tkachuk and loses puck.
3:34 of 1st period - Wrist shot by Brady Tkachuk.
3:34 of 1st period - Stopped by Marc-Andre Fleury with a rebound.
3:38 of 1st period - Slapshot by Brady Tkachuk.
3:38 of 1st period - Shot Misses the Net.
4:15 of 1st period - Snap shot by Tom Wilson.
4:15 of 1st period - Shot Blocked by Scott Laughton.
4:31 of 1st period - Brian Dumoulin is hit by Andrew Mangiapane and loses puck.
4:38 of 1st period - Wrist shot by Kyle Okposo.
4:38 of 1st period - Stopped by Marc-Andre Fleury without a rebound.
4:39 of 1st period - Sam Bennett wins face-off versus Phillip Danault in Pittsburgh Penguins zone.
4:40 of 1st period - Snap shot by Brady Tkachuk.
4:40 of 1st period - Shot Misses the Net.
4:42 of 1st period - Snap shot by Sam Bennett.
4:42 of 1st period - Shot Blocked by Pavel Buchnevich.
4:44 of 1st period - Snap shot by Brady Tkachuk.
4:44 of 1st period - Stopped by Marc-Andre Fleury with a rebound.
4:46 of 1st period - Wrist shot by Aaron Ekblad.
4:46 of 1st period - Stopped by Marc-Andre Fleury without a rebound.
4:47 of 1st period - Phillip Danault wins face-off versus Sam Bennett in Pittsburgh Penguins zone.
5:02 of 1st period - Wrist shot by Sam Bennett.
5:02 of 1st period - Stopped by Marc-Andre Fleury with a rebound.
5:04 of 1st period - Slapshot by Aaron Ekblad.
5:04 of 1st period - Deflect By Phillip Danault.
5:04 of 1st period - Stopped by Marc-Andre Fleury without a rebound.
5:05 of 1st period - Nicolas Roy wins face-off versus Jean-Gabriel Pageau in Pittsburgh Penguins zone.
5:20 of 1st period - Snap shot by Leon Draisaitl.
5:20 of 1st period - Shot Blocked by Kyle Okposo.
5:54 of 1st period - Snap shot by Sam Reinhart.
5:54 of 1st period - Stopped by Frederik Andersen with a rebound.
6:02 of 1st period - Wrist shot by Pavel Buchnevich.
6:02 of 1st period - Stopped by Frederik Andersen with a rebound.
6:38 of 1st period - Snap shot by Kyle Okposo.
6:38 of 1st period - Shot Misses the Net.
6:40 of 1st period - Slapshot by Andrew Mangiapane.
6:40 of 1st period - Deflect By Nicolas Roy.
6:40 of 1st period - Stopped by Marc-Andre Fleury without a rebound.
6:41 of 1st period - Nicolas Roy wins face-off versus Ryan Johansen in Pittsburgh Penguins zone.
6:50 of 1st period - Slapshot by Kyle Okposo.
6:50 of 1st period - Stopped by Marc-Andre Fleury without a rebound.
6:51 of 1st period - Ryan Johansen wins face-off versus Sam Bennett in Pittsburgh Penguins zone.
7:06 of 1st period - Wrist shot by Anders Lee.
7:06 of 1st period - Stopped by Frederik Andersen without a rebound.
7:07 of 1st period - Scott Laughton wins face-off versus Jean-Gabriel Pageau in Toronto Maple Leafs zone.
7:24 of 1st period - Jean-Gabriel Pageau is hit by Cody Ceci and loses puck.
7:43 of 1st period - Wrist shot by Sam Reinhart.
7:43 of 1st period - Deflect By Pavel Buchnevich.
7:43 of 1st period - Stopped by Frederik Andersen with a rebound.
7:45 of 1st period - Slapshot by Erik Karlsson.
7:45 of 1st period - Deflect By Sam Reinhart.
7:45 of 1st period - Stopped by Frederik Andersen without a rebound.
7:46 of 1st period - Ryan Johansen wins face-off versus Sam Bennett in Toronto Maple Leafs zone.
7:55 of 1st period - Snap shot by Anders Lee.
7:55 of 1st period - Stopped by Frederik Andersen with a rebound.
8:56 of 1st period - Minor Penalty to Aaron Ekblad for Hooking.
8:57 of 1st period - Nick Bjugstad wins face-off versus Leon Draisaitl in Toronto Maple Leafs zone.
9:11 of 1st period - Wrist shot by Leon Draisaitl.
9:11 of 1st period - Stopped by Frederik Andersen with a rebound.
9:43 of 1st period - Icing by Pavel Buchnevich.
9:44 of 1st period - Nick Bjugstad wins face-off versus Leon Draisaitl in Pittsburgh Penguins zone.
10:55 of 1st period - Wrist shot by Nino Niederreiter.
10:55 of 1st period - Stopped by Marc-Andre Fleury with a rebound.
10:56 of 1st period - Penalty to Aaron Ekblad is over, Aaron Ekblad is back on ice.
11:09 of 1st period - Colton Sissons is hit by Bowen Byram and loses puck.
11:50 of 1st period - Sam Reinhart is hit by Ryan Pulock.
11:57 of 1st period - Icing by Pavel Buchnevich.
11:58 of 1st period - Jean-Gabriel Pageau wins face-off versus Nick Bjugstad in Pittsburgh Penguins zone.
12:14 of 1st period - Nick Bjugstad is hit by Mitchell Marner and loses puck.
12:25 of 1st period - Snap shot by Sam Bennett.
12:25 of 1st period - Deflect By Brady Tkachuk.
12:25 of 1st period - Shot Misses the Net.
12:25 of 1st period - Puck is out of play.
12:26 of 1st period - Colton Sissons wins face-off versus Sam Bennett in Pittsburgh Penguins zone.
12:35 of 1st period - Wrist shot by Gabriel Vilardi.
12:35 of 1st period - Shot Blocked by Luke Schenn.
12:37 of 1st period - Wrist shot by Colton Sissons.
12:37 of 1st period - Stopped by Frederik Andersen without a rebound.
12:38 of 1st period - Phillip Danault wins face-off versus Sam Bennett in Toronto Maple Leafs zone.
12:39 of 1st period - Slapshot by Sam Reinhart.
12:39 of 1st period - Shot Misses the Net.
12:41 of 1st period - Snap shot by Pavel Buchnevich.
12:41 of 1st period - Stopped by Frederik Andersen with a rebound.
12:45 of 1st period - Wrist shot by Phillip Danault.
12:45 of 1st period - Stopped by Frederik Andersen with a rebound.
12:47 of 1st period - Wrist shot by Mattias Ekholm.
12:47 of 1st period - Stopped by Frederik Andersen without a rebound.
12:48 of 1st period - Phillip Danault wins face-off versus Sam Bennett in Toronto Maple Leafs zone.
12:55 of 1st period - Brandon Saad is hit by Phillip Danault and loses puck.
13:43 of 1st period - Snap shot by Pavel Buchnevich.
13:43 of 1st period - Shot Misses the Net.
13:45 of 1st period - Slapshot by Sam Reinhart.
13:45 of 1st period - Shot Blocked by Brady Tkachuk.
13:47 of 1st period - Wrist shot by Mattias Ekholm.
13:47 of 1st period - Stopped by Frederik Andersen without a rebound.
13:48 of 1st period - Scott Laughton wins face-off versus Jean-Gabriel Pageau in Toronto Maple Leafs zone.
13:48 of 1st period - Scott Laughton is hit by Jean-Gabriel Pageau.
14:33 of 1st period - J.J. Moser is hit by Nino Niederreiter and loses puck.
14:40 of 1st period - Wrist shot by Nino Niederreiter.
14:40 of 1st period - Stopped by Marc-Andre Fleury with a rebound.
14:42 of 1st period - Slapshot by Warren Foegele.
14:42 of 1st period - Stopped by Marc-Andre Fleury with a rebound.
14:44 of 1st period - Slapshot by Luke Schenn.
14:44 of 1st period - Stopped by Marc-Andre Fleury without a rebound.
14:45 of 1st period - Jean-Gabriel Pageau wins face-off versus Trevor Zegras in Pittsburgh Penguins zone.
15:12 of 1st period - Anders Lee is hit by Brady Tkachuk.
16:10 of 1st period - Snap shot by Leon Draisaitl.
16:10 of 1st period - Stopped by Frederik Andersen without a rebound.
16:11 of 1st period - Sam Bennett wins face-off versus Phillip Danault in Toronto Maple Leafs zone.
16:34 of 1st period - Minor Penalty to Sam Bennett for Hooking.
16:35 of 1st period - Nick Bjugstad wins face-off versus Jean-Gabriel Pageau in Toronto Maple Leafs zone.
16:48 of 1st period - Snap shot by Sam Reinhart.
16:48 of 1st period - Shot Blocked by Aaron Ekblad.
16:50 of 1st period - Wrist shot by Sam Reinhart.
16:50 of 1st period - Goal by Sam Reinhart - Pittsburgh Penguins : 1 - Toronto Maple Leafs : 0.
16:51 of 1st period - Jean-Gabriel Pageau wins face-off versus Sam Bennett in neutral zone.
17:12 of 1st period - Cody Ceci is hit by Leon Draisaitl and loses puck.
17:25 of 1st period - Wrist shot by Brady Tkachuk.
17:25 of 1st period - Stopped by Marc-Andre Fleury without a rebound.
17:26 of 1st period - Scott Laughton wins face-off versus Phillip Danault in Pittsburgh Penguins zone.
17:33 of 1st period - Wrist shot by Scott Laughton.
17:33 of 1st period - Shot Misses the Net.
17:53 of 1st period - Ryan Suter is hit by Kyle Okposo and loses puck.
19:36 of 1st period - Icing by Cody Ceci.
19:37 of 1st period - Ryan Johansen wins face-off versus Scott Laughton in Toronto Maple Leafs zone.
19:38 of 1st period - Slapshot by Erik Karlsson.
19:38 of 1st period - Deflect By Leon Draisaitl.
19:38 of 1st period - Shot Misses the Net.
19:38 of 1st period - Puck is out of play.
19:39 of 1st period - Sam Bennett wins face-off versus Jean-Gabriel Pageau in Toronto Maple Leafs zone.
19:46 of 1st period - Slapshot by Mitchell Marner.
19:46 of 1st period - Shot Misses the Net.
19:56 of 1st period - Mitchell Marner is hit by Sam Bennett and loses puck.
Goals for this period are 1 for Pittsburgh Penguins vs 0 for Toronto Maple Leafs.
Shots for this period are 16 for Pittsburgh Penguins vs 16 for Toronto Maple Leafs.
2nd period
0:01 of 2nd period - Sam Bennett wins face-off versus Ryan Johansen in neutral zone.
0:37 of 2nd period - Snap shot by Sam Reinhart.
0:37 of 2nd period - Shot Misses the Net.
0:39 of 2nd period - Wrist shot by Phillip Danault.
0:39 of 2nd period - Goal by Phillip Danault - Pittsburgh Penguins : 2 - Toronto Maple Leafs : 0.
0:40 of 2nd period - Jean-Gabriel Pageau wins face-off versus Sam Bennett in neutral zone.
1:33 of 2nd period - Snap shot by Nicolas Roy.
1:33 of 2nd period - Shot Misses the Net.
1:58 of 2nd period - Slapshot by Erik Karlsson.
1:58 of 2nd period - Shot Blocked by Luke Schenn.
2:00 of 2nd period - Snap shot by Colton Sissons.
2:00 of 2nd period - Stopped by Frederik Andersen with a rebound.
2:02 of 2nd period - Slapshot by Colton Sissons.
2:02 of 2nd period - Stopped by Frederik Andersen without a rebound.
2:03 of 2nd period - Jean-Gabriel Pageau wins face-off versus Sam Bennett in Toronto Maple Leafs zone.
2:10 of 2nd period - Slapshot by Leon Draisaitl.
2:10 of 2nd period - Shot Misses the Net.
2:12 of 2nd period - Slapshot by Erik Karlsson.
2:12 of 2nd period - Deflect By Leon Draisaitl.
2:12 of 2nd period - Shot Misses the Net.
2:12 of 2nd period - Puck is out of play.
2:13 of 2nd period - Sam Bennett wins face-off versus Jean-Gabriel Pageau in Toronto Maple Leafs zone.
2:24 of 2nd period - Slapshot by Sam Bennett.
2:24 of 2nd period - Stopped by Marc-Andre Fleury without a rebound.
2:25 of 2nd period - Sam Reinhart wins face-off versus Scott Laughton in Pittsburgh Penguins zone.
2:56 of 2nd period - Wrist shot by Ryan Johansen.
2:56 of 2nd period - Stopped by Frederik Andersen without a rebound.
2:57 of 2nd period - Sam Bennett wins face-off versus Ryan Johansen in Toronto Maple Leafs zone.
3:24 of 2nd period - Minor Penalty to Mario Ferraro for Hooking.
3:25 of 2nd period - Leon Draisaitl wins face-off versus Nick Bjugstad in Toronto Maple Leafs zone.
3:34 of 2nd period - Wrist shot by Mitchell Marner.
3:34 of 2nd period - Goal by Mitchell Marner - Pittsburgh Penguins : 3 - Toronto Maple Leafs : 0.
3:35 of 2nd period - Sam Bennett wins face-off versus Jean-Gabriel Pageau in neutral zone.
4:07 of 2nd period - Troy Terry is hit by Phillip Danault and loses puck.
4:12 of 2nd period - Wrist shot by Sam Reinhart.
4:12 of 2nd period - Shot Misses the Net.
4:34 of 2nd period - Slapshot by Jordan Eberle.
4:34 of 2nd period - Stopped by Frederik Andersen without a rebound.
4:35 of 2nd period - Sam Bennett wins face-off versus Jean-Gabriel Pageau in Toronto Maple Leafs zone.
5:02 of 2nd period - Mario Ferraro is hit by Tom Wilson and loses puck.
5:39 of 2nd period - Wrist shot by Gabriel Vilardi.
5:39 of 2nd period - Stopped by Frederik Andersen without a rebound.
5:40 of 2nd period - Scott Laughton wins face-off versus Phillip Danault in Toronto Maple Leafs zone.
6:07 of 2nd period - Jean-Gabriel Pageau is hit by Cody Ceci and loses puck.
6:14 of 2nd period - Slapshot by Mattias Ekholm.
6:14 of 2nd period - Shot Blocked by Nicolas Roy.
7:22 of 2nd period - Snap shot by Leon Draisaitl.
7:22 of 2nd period - Shot Blocked by Mario Ferraro.
7:49 of 2nd period - Off-side.
7:50 of 2nd period - Phillip Danault wins face-off versus Nicolas Roy in neutral zone.
8:21 of 2nd period - Snap shot by Nicolas Roy.
8:21 of 2nd period - Stopped by Marc-Andre Fleury without a rebound.
8:22 of 2nd period - Jean-Gabriel Pageau wins face-off versus Sam Bennett in Pittsburgh Penguins zone.
8:29 of 2nd period - Snap shot by Brady Tkachuk.
8:29 of 2nd period - Stopped by Marc-Andre Fleury without a rebound.
8:30 of 2nd period - Jean-Gabriel Pageau wins face-off versus Sam Bennett in Pittsburgh Penguins zone.
9:30 of 2nd period - Snap shot by Mitchell Marner.
9:30 of 2nd period - Goal by Mitchell Marner - Pittsburgh Penguins : 4 - Toronto Maple Leafs : 0.
9:31 of 2nd period - Scott Laughton wins face-off versus Ryan Johansen in neutral zone.
9:58 of 2nd period - Phillip Danault is hit by Aaron Ekblad and loses puck.
10:29 of 2nd period - Slapshot by Gabriel Vilardi.
10:29 of 2nd period - Stopped by Frederik Andersen with a rebound.
11:06 of 2nd period - Slapshot by Troy Terry.
11:06 of 2nd period - Stopped by Marc-Andre Fleury without a rebound.
11:07 of 2nd period - Phillip Danault wins face-off versus Scott Laughton in Pittsburgh Penguins zone.
12:09 of 2nd period - Snap shot by Jean-Gabriel Pageau.
12:09 of 2nd period - Stopped by Frederik Andersen with a rebound.
12:33 of 2nd period - Wrist shot by Nino Niederreiter.
12:33 of 2nd period - Stopped by Marc-Andre Fleury with a rebound.
12:49 of 2nd period - Snap shot by Trevor Zegras.
12:49 of 2nd period - Deflect By Sam Reinhart.
12:49 of 2nd period - Goal by Trevor Zegras - Pittsburgh Penguins : 4 - Toronto Maple Leafs : 1.
12:50 of 2nd period - Phillip Danault wins face-off versus Scott Laughton in neutral zone.
12:55 of 2nd period - Scott Laughton is hit by Phillip Danault and loses puck.
13:16 of 2nd period - Ryan Johansen is hit by Brady Tkachuk and loses puck.
13:39 of 2nd period - Snap shot by Leon Draisaitl.
13:39 of 2nd period - Shot Blocked by Luke Schenn.
13:41 of 2nd period - Slapshot by Erik Karlsson.
13:41 of 2nd period - Stopped by Frederik Andersen with a rebound.
13:43 of 2nd period - Backhand shot by Leon Draisaitl.
13:43 of 2nd period - Shot Blocked by Kyle Okposo.
13:45 of 2nd period - Backhand shot by Leon Draisaitl.
13:45 of 2nd period - Shot Blocked by Luke Schenn.
13:47 of 2nd period - Snap shot by Erik Karlsson.
13:47 of 2nd period - Shot Blocked by Bowen Byram.
13:49 of 2nd period - Snap shot by Jean-Gabriel Pageau.
13:49 of 2nd period - Stopped by Frederik Andersen with a rebound.
15:50 of 2nd period - Icing by Troy Terry.
15:51 of 2nd period - Scott Laughton wins face-off versus Colton Sissons in Toronto Maple Leafs zone.
15:51 of 2nd period - Scott Laughton is hit by Tom Wilson.
15:54 of 2nd period - Icing by Trevor Zegras.
15:55 of 2nd period - Brandon Saad wins face-off versus Colton Sissons in Toronto Maple Leafs zone.
16:10 of 2nd period - Snap shot by Tom Wilson.
16:10 of 2nd period - Stopped by Frederik Andersen without a rebound.
16:11 of 2nd period - Scott Laughton wins face-off versus Phillip Danault in Toronto Maple Leafs zone.
18:07 of 2nd period - Minor Penalty to Brady Tkachuk for Hooking.
18:08 of 2nd period - Jean-Gabriel Pageau wins face-off versus Nick Bjugstad in Toronto Maple Leafs zone.
18:56 of 2nd period - Mario Ferraro is hit by Leon Draisaitl and loses puck.
19:03 of 2nd period - Snap shot by Mitchell Marner.
19:03 of 2nd period - Stopped by Frederik Andersen without a rebound.
19:04 of 2nd period - Jean-Gabriel Pageau wins face-off versus Nick Bjugstad in Toronto Maple Leafs zone.
Goals for this period are 3 for Pittsburgh Penguins vs 1 for Toronto Maple Leafs.
Shots for this period are 14 for Pittsburgh Penguins vs 6 for Toronto Maple Leafs.
3rd period
0:01 of 3rd period - Leon Draisaitl wins face-off versus Nick Bjugstad in neutral zone.
0:07 of 3rd period - Penalty to Brady Tkachuk is over, Brady Tkachuk is back on ice.
0:11 of 3rd period - Snap shot by Aaron Ekblad.
0:11 of 3rd period - Shot Misses the Net.
0:27 of 3rd period - Troy Terry is hit by Jordan Eberle and loses puck.
0:36 of 3rd period - Wrist shot by Anders Lee.
0:36 of 3rd period - Stopped by Frederik Andersen without a rebound.
0:37 of 3rd period - Sam Bennett wins face-off versus Phillip Danault in Toronto Maple Leafs zone.
0:49 of 3rd period - Wrist shot by Sam Reinhart.
0:49 of 3rd period - Deflect By Phillip Danault.
0:49 of 3rd period - Stopped by Frederik Andersen without a rebound.
0:50 of 3rd period - Phillip Danault wins face-off versus Sam Bennett in Toronto Maple Leafs zone.
0:59 of 3rd period - Wrist shot by Sam Reinhart.
0:59 of 3rd period - Shot Misses the Net.
1:47 of 3rd period - Wrist shot by Troy Terry.
1:47 of 3rd period - Stopped by Marc-Andre Fleury with a rebound.
2:11 of 3rd period - Slapshot by Leon Draisaitl.
2:11 of 3rd period - Shot Misses the Net.
2:27 of 3rd period - Wrist shot by Sam Bennett.
2:27 of 3rd period - Stopped by Marc-Andre Fleury without a rebound.
2:28 of 3rd period - Sam Bennett wins face-off versus Ryan Johansen in Pittsburgh Penguins zone.
2:29 of 3rd period - Snap shot by Brady Tkachuk.
2:29 of 3rd period - Stopped by Marc-Andre Fleury with a rebound.
3:00 of 3rd period - Backhand shot by Troy Terry.
3:00 of 3rd period - Stopped by Marc-Andre Fleury without a rebound.
3:01 of 3rd period - Scott Laughton wins face-off versus Jean-Gabriel Pageau in Pittsburgh Penguins zone.
3:27 of 3rd period - Brandon Saad is hit by Mattias Ekholm and loses puck.
3:34 of 3rd period - Ryan Pulock is hit by Anders Lee and loses puck.
3:59 of 3rd period - Wrist shot by Kyle Okposo.
3:59 of 3rd period - Stopped by Marc-Andre Fleury with a rebound.
4:13 of 3rd period - Snap shot by Scott Laughton.
4:13 of 3rd period - Shot Blocked by Erik Karlsson.
4:29 of 3rd period - Luke Schenn is hit by Tom Wilson and loses puck.
4:40 of 3rd period - Snap shot by Tom Wilson.
4:40 of 3rd period - Stopped by Frederik Andersen without a rebound.
4:41 of 3rd period - Jean-Gabriel Pageau wins face-off versus Sam Bennett in Toronto Maple Leafs zone.
4:42 of 3rd period - Wrist shot by Mitchell Marner.
4:42 of 3rd period - Stopped by Frederik Andersen with a rebound.
4:44 of 3rd period - Minor Penalty to Brady Tkachuk for Hooking.
4:45 of 3rd period - Nick Bjugstad wins face-off versus Jean-Gabriel Pageau in Toronto Maple Leafs zone.
6:44 of 3rd period - Penalty to Brady Tkachuk is over, Brady Tkachuk is back on ice.
7:03 of 3rd period - Snap shot by Brady Tkachuk.
7:03 of 3rd period - Shot Blocked by Colton Sissons.
7:41 of 3rd period - Pavel Buchnevich is hit by Brandon Saad and loses puck.
7:56 of 3rd period - Nick Bjugstad is hit by Mitchell Marner.
8:08 of 3rd period - Ryan Suter is hit by Luke Schenn and loses puck.
8:25 of 3rd period - Jordan Eberle is hit by Kyle Okposo and loses puck.
8:36 of 3rd period - Jean-Gabriel Pageau is hit by Sam Bennett and loses puck.
9:19 of 3rd period - Ryan Suter is hit by Andrew Mangiapane and loses puck.
9:32 of 3rd period - Ryan Pulock is hit by Leon Draisaitl and loses puck.
9:48 of 3rd period - Luke Schenn is hit by Mattias Ekholm.
10:00 of 3rd period - Wrist shot by Tom Wilson.
10:00 of 3rd period - Shot Misses the Net.
10:17 of 3rd period - Luke Schenn is hit by Jean-Gabriel Pageau and loses puck.
10:34 of 3rd period - Wrist shot by Jordan Eberle.
10:34 of 3rd period - Stopped by Frederik Andersen with a rebound.
10:51 of 3rd period - Cody Ceci is hit by Sam Reinhart and loses puck.
11:02 of 3rd period - Ryan Suter is hit by Kyle Okposo and loses puck.
11:27 of 3rd period - J.J. Moser is hit by Trevor Zegras and loses puck.
11:38 of 3rd period - Wrist shot by Tom Wilson.
11:38 of 3rd period - Stopped by Frederik Andersen without a rebound.
11:39 of 3rd period - Jean-Gabriel Pageau wins face-off versus Nick Bjugstad in Toronto Maple Leafs zone.
11:40 of 3rd period - Slapshot by Leon Draisaitl.
11:40 of 3rd period - Shot Blocked by Bowen Byram.
12:41 of 3rd period - Snap shot by Brandon Saad.
12:41 of 3rd period - Stopped by Marc-Andre Fleury with a rebound.
13:43 of 3rd period - Luke Schenn is hit by Jean-Gabriel Pageau and loses puck.
13:49 of 3rd period - Icing by Trevor Zegras.
13:50 of 3rd period - Phillip Danault wins face-off versus Scott Laughton in Toronto Maple Leafs zone.
13:53 of 3rd period - Slapshot by Sam Reinhart.
13:53 of 3rd period - Deflect By Pavel Buchnevich.
13:53 of 3rd period - Stopped by Frederik Andersen without a rebound.
13:54 of 3rd period - Sam Bennett wins face-off versus Phillip Danault in Toronto Maple Leafs zone.
13:54 of 3rd period - Sam Bennett is hit by Phillip Danault.
14:10 of 3rd period - Snap shot by Sam Bennett.
14:10 of 3rd period - Shot Blocked by Phillip Danault.
14:22 of 3rd period - Snap shot by Ryan Johansen.
14:22 of 3rd period - Goal by Ryan Johansen - Pittsburgh Penguins : 5 - Toronto Maple Leafs : 1.
14:23 of 3rd period - Sam Bennett wins face-off versus Ryan Johansen in neutral zone.
14:40 of 3rd period - Aaron Ekblad is hit by Jordan Eberle and loses puck.
15:00 of 3rd period - Off-side.
15:01 of 3rd period - Scott Laughton wins face-off versus Phillip Danault in neutral zone.
15:04 of 3rd period - Snap shot by Troy Terry.
15:04 of 3rd period - Stopped by Marc-Andre Fleury without a rebound.
15:05 of 3rd period - Scott Laughton wins face-off versus Phillip Danault in Pittsburgh Penguins zone.
15:32 of 3rd period - Jean-Gabriel Pageau is hit by Mario Ferraro and loses puck.
15:41 of 3rd period - Snap shot by Brady Tkachuk.
15:41 of 3rd period - Shot Misses the Net.
15:43 of 3rd period - Slapshot by Mario Ferraro.
15:43 of 3rd period - Stopped by Marc-Andre Fleury without a rebound.
15:44 of 3rd period - Ryan Johansen wins face-off versus Nicolas Roy in Pittsburgh Penguins zone.
15:44 of 3rd period - Ryan Johansen is hit by Andrew Mangiapane.
16:07 of 3rd period - Icing by J.J. Moser.
16:08 of 3rd period - Phillip Danault wins face-off versus Sam Bennett in Pittsburgh Penguins zone.
16:35 of 3rd period - Mitchell Marner is hit by Troy Terry and loses puck.
16:44 of 3rd period - Brian Dumoulin is hit by Scott Laughton and loses puck.
17:31 of 3rd period - Nick Bjugstad is hit by Gabriel Vilardi and loses puck.
17:56 of 3rd period - Wrist shot by Sam Reinhart.
17:56 of 3rd period - Shot Misses the Net.
18:18 of 3rd period - Ryan Johansen is hit by Sam Bennett and loses puck.
18:33 of 3rd period - Backhand shot by Troy Terry.
18:33 of 3rd period - Shot Misses the Net.
18:35 of 3rd period - Slapshot by Mario Ferraro.
18:35 of 3rd period - Shot Blocked by J.J. Moser.
18:35 of 3rd period - J.J. Moser from Pittsburgh Penguins is injured at 18:35 of 3rd period (Lower Body).
18:36 of 3rd period - Sam Bennett wins face-off versus Jean-Gabriel Pageau in Pittsburgh Penguins zone.
18:41 of 3rd period - Slapshot by Sam Bennett.
18:41 of 3rd period - Stopped by Marc-Andre Fleury without a rebound.
18:42 of 3rd period - Jean-Gabriel Pageau wins face-off versus Sam Bennett in Pittsburgh Penguins zone.
19:00 of 3rd period - Off-side.
19:01 of 3rd period - Scott Laughton wins face-off versus Pavel Buchnevich in neutral zone.
19:10 of 3rd period - Wrist shot by Troy Terry.
19:10 of 3rd period - Stopped by Marc-Andre Fleury with a rebound.
19:12 of 3rd period - Slapshot by Aaron Ekblad.
19:12 of 3rd period - Stopped by Marc-Andre Fleury without a rebound.
19:12 of 3rd period - Cody Ceci and Sam Reinhart fight to a draw.
19:12 of 3rd period - Penalty to Cody Ceci for Fighting.
19:12 of 3rd period - Penalty to Sam Reinhart for Fighting.
19:13 of 3rd period - Sam Bennett wins face-off versus Phillip Danault in Pittsburgh Penguins zone.
19:34 of 3rd period - Brady Tkachuk is hit by Erik Karlsson and loses puck.
Goals for this period are 1 for Pittsburgh Penguins vs 0 for Toronto Maple Leafs.
Shots for this period are 8 for Pittsburgh Penguins vs 11 for Toronto Maple Leafs.
Back to the Top